 Dungeon Crawl Stone Soup version 0.29-a0-813-g4a14ea37d6 (webtiles) character file.

Game seed: 2964495931713414010

987 kevlar127 the Ruffian (level 7, 0/74 HPs)
             Began as a Troll Berserker on July 4, 2022.
             Was a Priest of Trog.
             Succumbed to an orc wizard's poison
             ... on level 5 of the Dungeon.
             The game lasted 00:07:06 (3786 turns).

kevlar127 the Ruffian (Troll Berserker)             Turns: 3786, Time: 00:07:06

Health: 0/74       AC:  4    Str: 28    XL:     7   Next: 97%
Magic:  6/6        EV: 10    Int:  3    God:    Trog [***...]
Gold:   247        SH:  0    Dex:  9    Spells: 6/6 levels left

rFire   . . .      SeeInvis .     - Unarmed
rCold   . . .      Faith    .   (no shield)
rNeg    . . .      Spirit   .   a - +0 animal skin
rPois   .          Reflect  .   (helmet restricted)
rElec   .          Harm     .   (no cloak)
rCorr   .          Rampage  .   (gloves unavailable)
Will    ++...                   (boots unavailable)
Stlth   +.........              (no amulet)
HPRegen 2.02/turn               (no ring)
MPRegen 0.10/turn               (no ring)

@: lethally poisoned (0 -> -18), strong-willed, regenerating
A: large, unfitting armour, claws 3, regeneration 1, shaggy fur 1, tough skin 1
a: Renounce Religion, Berserk, Trog's Hand


You were on level 5 of the Dungeon.
You worshipped Trog.
Trog was most pleased with you.
You visited 1 branch of the dungeon, and saw 5 of its levels.

You collected 247 gold pieces.

Inventory:

Missiles
 h - 49 stones (quivered)
 p - a throwing net
Armour
 a - a +0 animal skin (worn)
Jewellery
 q - a ring of ice
Wands
 t - a wand of iceblast (7)
Scrolls
 c - 2 scrolls of teleportation {unknown}
 d - 3 scrolls of identify {unknown}
 g - a scroll of fog {unknown}
 i - a scroll of silence {unknown}
 j - a scroll of enchant armour {unknown}
 k - a scroll of enchant weapon {unknown}
 l - 2 scrolls of immolation {unknown}
 m - 2 scrolls of poison {unknown}
 o - a scroll of blinking {unknown}
 u - a scroll of fear {unknown}
Potions
 b - a potion of flight {unknown}
 e - 2 potions of heal wounds {unknown}
 f - a potion of berserk rage {unknown}
 n - 3 potions of brilliance {unknown}
 r - a potion of lignification {unknown}
 s - a potion of magic {unknown}


   Skills:
 + Level 5.9 Fighting
 + Level 0.0 Throwing
 - Level 2.4 Dodging
 + Level 7.1 Unarmed Combat


You had 6 spell levels left.
You didn't know any spells.
Your spell library was empty.

Dungeon Overview and Level Annotations

Branches:
Dungeon (5/15)
 Temple: D:4-7

Altars:

Shops:
D:2 :


Innate Abilities, Weirdness & Mutations

You are too large for most types of armour.
You have claws for hands.
Your natural rate of healing is unusually fast.
You are covered in fur. (AC +1)
You have tough skin. (AC +1)


Message History

You barely miss the water moccasin. The water moccasin barely misses you.
Something hits you.
You are poisoned.
You claw the water moccasin!
The water moccasin is heavily wounded.
You feel very sick. The water moccasin barely misses you.
The water moccasin bites you.
You scratch the water moccasin.
The water moccasin is severely wounded.
You feel sick. The orc hits you with a +0 club. Something hits you.
You are more poisoned.
The water moccasin bites you.
You are more poisoned.
The water moccasin poisons you!
You barely miss the water moccasin.
The water moccasin is severely wounded.
You feel very sick. The orc hits you with a +0 club. Something hits you.
You are more poisoned.
The water moccasin bites you.
You are lethally poisoned!
The water moccasin poisons you! Something hits you but does no damage.
You are more poisoned.
* * * LOW HITPOINT WARNING * * *
You feel extremely sick.
* * * LOW HITPOINT WARNING * * *
You feel extremely sick.
The water moccasin bites you but does no damage.
Your skin crawls.
You feel strong-willed.
* * * LOW HITPOINT WARNING * * *
You feel extremely sick. The water moccasin barely misses you.
The orc hits you with a +0 club.
* * * LOW HITPOINT WARNING * * *
Something hits you but does no damage.
You are more poisoned.
You barely miss the water moccasin.
The water moccasin is heavily wounded.
You die...

....# .. .... .. ....#
.##..#.##...##.. ....###
.... ......#... ......#
#.. #...>.....
..##..#.....#..##.........
.#...##.....#.....))......
......#....# #............
......#....###..o......###
...........#.#..@S##......
....#....>...#...## ......
...###...........####.....
...##......###............
.#...........#..#...##....
.#...........#.##.........
...............##.......
...................##...
...).....<...#....## ...


You could see a water moccasin and an orc.

Vanquished Creatures
  Grinder (D:3)
  3 centaurs (D:5)
  A necrophage (D:4)
  3 scorpions
  3 orc priests
  An iguana (D:4)
  6 gnolls
  4 adders
  A white imp (D:5)
  A dart slug (D:4)
  15 orcs
  3 endoplasms
  5 giant cockroaches
  6 goblins
  9 hobgoblins
  11 jackals
  2 quokkas
  8 ball pythons
  3 bats
  10 frilled lizards
  4 kobolds
  5 rats
105 creatures vanquished.

Notes
Turn   | Place    | Note
-------+----------+-------------------------------------------
     0 | D:1      | kevlar127 the Troll Berserker began the quest for the Orb.
     0 | D:1      | Reached XP level 1. HP: 22/22 MP: 0/0
   184 | D:1      | Reached XP level 2. HP: 29/29 MP: 1/1
   603 | D:2      | Reached ** piety under Trog
   620 | D:2      | Reached XP level 3. HP: 36/37 MP: 2/2
   705 | D:2      | Found Lyneclou's Book Shoppe.
  1247 | D:2      | Reached skill level 4 in Unarmed Combat
  1251 | D:2      | Reached XP level 4. HP: 45/45 MP: 3/3
  1406 | D:2      | Found a faded altar of an unknown god.
  1900 | D:3      | Noticed a scorpion
  1910 | D:3      | Killed a scorpion
  1911 | D:3      | Reached XP level 5. HP: 26/54 MP: 4/4
  1968 | D:3      | Noticed Grinder
  1971 | D:3      | Reached *** piety under Trog
  1976 | D:3      | Paralysed by Grinder for 5 turns
  1998 | D:3      | Killed Grinder
  1999 | D:3      | Reached skill level 5 in Unarmed Combat
  1999 | D:3      | Reached XP level 6. HP: 63/63 MP: 5/5
  3087 | D:4      | Reached skill level 5 in Fighting
  3087 | D:4      | Reached skill level 6 in Unarmed Combat
  3087 | D:4      | Reached XP level 7. HP: 67/72 MP: 6/6
  3405 | D:5      | Entered Level 5 of the Dungeon
  3557 | D:5      | HP: 3/74 [centaur (3)]
  3558 | D:5      | HP: 1/74 [centaur (4)]
  3561 | D:5      | Reached skill level 7 in Unarmed Combat
  3786 | D:5      | Succumbed to an orc wizard's poison

Illustrated notes

Levels and vault maps discovered:
D:1:      nzn_arrival_water_spiral, layout_loops_cross
D:2:      layout_basic, basic_ecumenical_altar, serial_shops,
          nicolae_shop_window_shopping, minmay_misc_feat_doors,
          minmay_misc_feat_alley, minmay_lizard_pond
D:3:      layout_basic, kennysheep_flooded_box, uniq_grinder
D:4:      layout_loops_cross
D:5:      layout_cave_pools, kennysheep_crisscross, uniq_sigmund

Skill      XL: |  1  2  3  4  5  6  7 |
---------------+----------------------+-----
Fighting       | 3 4 5 |  5.9
Unarmed Combat | 4 5 6 7 |  7.1
Dodging        | |  2.4

Action                   |  1- 3 |  4- 6 |  7- 9 || total
-------------------------+-------+-------+-------++-------
Melee: Unarmed           |   112 |    88 |    72 ||   272
       Punch             |     1 |     2 |     1 ||     4
Invok: Trog's Hand       |       |     1 |     3 ||     4
       Berserk           |       |     1 |       ||     1
 Stab: Sleeping          |     2 |     1 |       ||     3
Armor: Animal skin       |    41 |    16 |    19 ||    76
Dodge: Dodged            |    48 |    31 |    59 ||   138

Table legend: (Time is in decaauts)
 A = Elapsed time spent in this place.
 B = Non-inter-level travel time spent in this place.
 C = Inter-level travel time spent in this place.
 D = Time resting spent in this place.
 E = Time spent auto-exploring this place.
 F = Levels seen in this place.
 G = Mean time per level.
                   A        B        C        D        E       F      G
               +--------+--------+--------+--------+--------+-----+--------+
         Total |   3773 |   3489 |    284 |    205 |   2662 |   5 |  754.6 |
       Dungeon |   3773 |   3489 |    284 |    205 |   2662 |   5 |  754.6 |
               +--------+--------+--------+--------+--------+-----+--------+

Top non-repeatable levels by time:
     D:2: 1119 daAuts
     D:3: 967 daAuts
     D:4: 715 daAuts
     D:1: 595 daAuts
     D:5: 375 daAuts
